 Dungeon Crawl Stone Soup version 0.30-b1-2-g02819fbbbe (webtiles) character file.

Game seed: 15196308885668293529

52 snakesoul the Magician (level 4, -5/31 HPs)
             Began as a Djinni Necromancer on June 4, 2023.
             Slain by Sigmund
             ... wielding a +0 scythe
              (6 damage)
             ... on level 2 of the Dungeon.
             The game lasted 00:02:53 (1159 turns).

snakesoul the Magician (Djinni Necromancer)         Turns: 1159, Time: 00:02:53

Health: -5/31      AC:  2    Str:  7    XL:     4   Next: 8%
Gold:   92         EV: 12    Int: 18    God:
                   SH:  0    Dex: 14

rFire   + + .        f - +0 club
rCold   x . .        (no shield)
rNeg    . . .        a - +0 robe
rPois   ∞            (no helmet)
rElec   .            (no cloak)
rCorr   .            (no gloves)
SInv    .            (boots unavailable)
Will    .....        (no amulet)
Stlth   ++           (no ring)
HPRegen 0.25/turn    (no ring)
MPRegen 0.00/turn

%: infuse magic (-6 HP)
@: flying, hasted, very quick
A: sickness immunity, fire resistance 2, cold vulnerability 1, float, innate
caster, HP casting, extra vitality 1
a: no special abilities


You were on level 2 of the Dungeon.
You visited 1 branch of the dungeon, and saw 2 of its levels.

You collected 92 gold pieces.

Inventory:

Hand Weapons
 f - a +0 club (weapon)
Armour
 a - a +0 robe (worn)
Jewellery
 g - a +5 ring of evasion
Scrolls
 c - a scroll of enchant armour {unknown}
 d - 2 scrolls of identify {unknown}
 e - a scroll of vulnerability {unknown}
 h - a scroll of fear {unknown}


   Skills:
 - Level 2.1 Dodging
 - Level 1.5 Stealth
 + Level 4.2 Spellcasting


You knew the following spells:

 Your Spells              Type           Power      Damage    Failure   Level
a - Necrotise             Necr           76%        1d7       2%          1
b - Vampiric Draining     Necr           19%        2d7       8%          3
c - Animate Dead          Necr           19%        N/A       24%         4
d - Agony                 Necr           19%        N/A       56%         5
e - Magic Dart            Conj           76%        1d6       2%          1
Your spell library was empty.

Dungeon Overview and Level Annotations

Branches:
Dungeon (2/15)

Altars:

Annotations:
D:2 Sigmund


Innate Abilities, Weirdness & Mutations

You are immune to sickness and miasma.
You are immune to poison.
Your flesh is very heat resistant. (rF++)
You are vulnerable to cold. (rC-)
You float through the air rather than walking.
You learn spells naturally, not from books.
Your magical power is your life essence.
You have superior vitality. (+4 MHP)


Message History

Really fire in your kobold skeleton's direction?
Okay, then.
Sigmund misses you.
Sigmund barely resists.
Your kobold skeleton closely misses Sigmund.
Sigmund writhes in agony.
Sigmund misses you.
Your kobold skeleton barely misses Sigmund.
The goblin writhes in agony.
The goblin completely misses you.
Your kobold skeleton closely misses Sigmund.
Sigmund barely misses you.
The goblin writhes in agony.
You kill the goblin!
The dead are walking!
Your kobold skeleton barely misses Sigmund.
Sigmund writhes in agony.
Sigmund points at you and mumbles some strange words.
The magic dart hits you!
* * * LOW HITPOINT WARNING * * *
You are too injured to fight recklessly!
You are too injured to fight recklessly!
Unknown command.
Casting: Necrotise (safe; 2% risk of failure)
Confirm with . or Enter, or press ? or * to list all spells.
Aiming: Necrotise (safe; 2% risk of failure)
Press: ? - help, Shift-Dir - straight line, f/p - Sigmund
Aim: Sigmund, wielding a +0 scythe and wearing a +0 robe (lightly wounded, ally target, chance to affect: 84%) Sigmund writhes in agony.
* * * LOW HITPOINT WARNING * * *
Your kobold skeleton barely misses Sigmund.
Sigmund casts a spell at you. The magic dart hits you!
* * * LOW HITPOINT WARNING * * *
Casting: Necrotise (safe; 2% risk of failure)
Confirm with . or Enter, or press ? or * to list all spells.
You don't have enough health to cast this spell.
Unknown command.
It was a potion of haste.
You feel yourself speed up.
Sigmund screams, "You will never...
NEVER!!!"
Sigmund hits you from afar with a +0 scythe.
You die...

###...#.# ##...##....
....$#.# #.....#.... #....!
#.......... #...#
#.....#.... #...#
###...##..<.
#...#####..........#
#####...............##.#
#####.............##.#..##.#
.........Z.@.........#..#...
####....Z.)......##.#..##.#
#####@..<...>.......####
##....#####.......# #
#.......# #####.###
#.#....#.# #.# #)##.#..#.#
#.###### #.###...#..#
#.......
##.##.##.#.#######.#####.


You could see Sigmund (ally target), a friendly goblin skeleton and a friendly
kobold skeleton.

Vanquished Creatures
  An adder (D:2)
  An ufetubus (D:2)
  3 ball pythons
  2 endoplasms
  5 goblins
  A hobgoblin (D:1)
  9 jackals
  3 kobolds
  2 bats (D:1)
  A rat (D:1)
28 creatures vanquished.

Vanquished Creatures (collateral kills)
  A dart slug (D:2)
  2 frilled lizards
3 creatures vanquished.

Grand Total: 31 creatures vanquished

Notes
Turn   | Place    | Note
-------+----------+-------------------------------------------
     0 | D:1      | snakesoul the Djinni Necromancer began the quest for the
                  | Orb.
     0 | D:1      | snakesoul set off with the following spells memorised:
                  | Necrotise, Vampiric Draining, Animate Dead, Agony.
     0 | D:1      | Reached XP level 1. HP: 15/15 MP: 0/0
   234 | D:1      | Reached XP level 2. HP: 20/21 MP: 0/0
   741 | D:2      | Reached skill level 4 in Spellcasting
   741 | D:2      | Reached XP level 3. HP: 22/25 MP: 0/0
   741 | D:2      | Learned a level 1 spell: Magic Dart
   959 | D:2      | Reached XP level 4. HP: 24/31 MP: 0/0
  1042 | D:2      | Noticed Sigmund
  1158 | D:2      | HP: 1/31 [Sigmund/magic dart (7)]
  1159 | D:2      | Slain by Sigmund

Illustrated notes

Levels and vault maps discovered:
D:1:      nicolae_arrival_washed_ashore, layout_loops_ring
D:2:      layout_loops_cross, uniq_jessica, uniq_robin, uniq_sigmund,
          uniq_natasha

Skill      XL: |  1  2 |
---------------+-------+-----
Spellcasting   | 4 |  4.2
Dodging        | |  2.1
Stealth        | |  1.5

Action                     |  1- 3 |  4- 6 || total
---------------------------+-------+-------++-------
   Cast: Necrotise         |    53 |    11 ||    64
         Magic Dart        |     3 |     1 ||     4
    Use: Potion            |       |     1 ||     1
 Armour: Robe              |     5 |       ||     5
  Dodge: Dodged            |    26 |     4 ||    30
